 Dungeon Crawl Stone Soup version 0.28.0-53-g5a82cb258f (webtiles) character file.

Game seed: 10537941055317305259

6862 Peloso the Spear-Bearer (level 10, -14/93 HPs)
             Began as a Minotaur Fighter on July 6, 2022.
             Was an Elder of Okawaru.
             Demolished by a two-headed ogre
             ... wielding a +0 giant spiked club
              (22 damage)
             ... on level 9 of the Dungeon.
             The game lasted 00:14:39 (9076 turns).

Peloso the Spear-Bearer (Minotaur Fighter)          Turns: 9076, Time: 00:14:39

Health: -14/93     AC: 15    Str: 23    XL:     10   Next: 78%
Magic:  9/9        EV:  5    Int:  5    God:    Okawaru [****..]
Gold:   377        SH:  0    Dex: 10    Spells: 9/9 levels left

rFire   . . .      SeeInvis .   b - +5 spear "Qiggank" {vorpal, rElec rN+++ Dex-2 Stlth+}
rCold   . . .      Faith    .   h - +0 buckler
rNeg    + + +      Spirit   .   K - +0 chain mail
rPois   .          Reflect  .   (helmet restricted)
rElec   +          Harm     .   l - +1 cloak
rCorr   .          Rampage  .   (no gloves)
Will    .....                   m - +0 pair of boots
Stlth   ..........              (no amulet)
HPRegen 0.25/turn               e - ring of flight
MPRegen 0.11/turn               (no ring)

@: flying, held
A: horns 2, retaliatory headbutt
a: Renounce Religion, Heroism, Finesse


You were on level 9 of the Dungeon.
You worshipped Okawaru.
Okawaru was greatly pleased with you.
You visited 2 branches of the dungeon, and saw 10 of its levels.
You also visited: Sewer.

You collected 377 gold pieces.

Inventory:

Hand Weapons
 a - a +0 spectral long sword
 b - the +5 spear "Qiggank" (weapon) {vorpal, rElec rN+++ Dex-2 Stlth+}
   (You found it on level 2 of the Dungeon)

   It inflicts extra damage upon your enemies.
   Dex:       It affects your dexterity (-2).
   rElec:     It insulates you from electricity.
   rN:        It renders you almost immune to negative energy.
   Stlth:     It makes you more stealthy.
 c - a +0 spear of flaming
Armour
 g - a +0 scale mail
 h - a +0 buckler (worn)
 l - a +1 cloak (worn)
 m - a +0 pair of boots (worn)
 K - a +0 chain mail (worn)
Jewellery
 e - a ring of flight (left hand)
 n - an amulet of regeneration
 v - a +4 ring of evasion
 B - an amulet of guardian spirit
 F - a ring of protection from cold
Wands
 q - a wand of polymorph (10)
 x - a wand of paralysis (16)
 D - a wand of iceblast (7)
 I - a wand of acid (11)
 L - a wand of flame (15)
Scrolls
 i - a scroll of noise {unknown}
 j - 4 scrolls of enchant armour
 k - 2 scrolls of vulnerability {unknown}
 o - a scroll of fog
 w - a scroll of enchant weapon {unknown}
 y - 2 scrolls of immolation {unknown}
 C - a scroll of summoning {unknown}
 E - a scroll of holy word {unknown}
 H - 5 scrolls of teleportation
 J - a scroll of fear
 M - a scroll of magic mapping
Potions
 d - 2 potions of might
 f - 2 potions of ambrosia
 p - a potion of invisibility
 r - 3 potions of flight
 s - 3 potions of curing
 t - 2 potions of heal wounds
 u - a potion of resistance
 z - 4 potions of mutation {unknown}
 A - a potion of cancellation {unknown}
 G - a potion of lignification {unknown}
 N - a potion of brilliance {unknown}


   Skills:
 + Level 9.8 Fighting
 + Level 3.1 Long Blades
 + Level 11.9 Polearms
 + Level 9.6 Armour
 + Level 5.1 Dodging
 + Level 2.0 Stealth
 + Level 7.2 Shields
 + Level 0.1 Unarmed Combat
 + Level 0.3 Invocations


You had 9 spell levels left.
You didn't know any spells.
Your spell library contained the following spells:

 Spells                   Type           Power      Damage    Failure   Level
 Dazzling Flash           Conj/Hex       0%         N/A       100%        3
 Gell's Gravitas          Tloc           0%         N/A       100%        3
 Lesser Beckoning         Tloc           0%         N/A       100%        3
 Ozocubu's Armour         Ice            0%         N/A       100%        3
 Teleport Other           Tloc           0%         N/A       100%        3
 Iskenderun's Mystic Bla  Conj/Tloc      0%         2d3       100%        4
 Metabolic Englaciation   Hex/Ice        0%         N/A       100%        5
 Starburst                Conj/Fire      0%         6d3       100%        6
 Simulacrum               Ice/Necr       Unusable   N/A       N/A         6

Dungeon Overview and Level Annotations

Branches:
Dungeon (9/15)             Temple (1/1) D:5           Sewer (visited)
   Lair: D:8-11         Orc: D:9-12

Altars:
Ashenzari
Dithmenos
Elyvilon
Fedhas
Gozag
Hepliaklqana
Kikubaaqudgha
Okawaru
Ru
Trog
Uskayaw
Wu Jian
Yredelemnul
Zin
The Shining One


Innate Abilities, Weirdness & Mutations

You have a pair of horns on your head.
You reflexively headbutt those who attack you in melee.


Message History

You kill the centaur!
Okawaru accepts your kill.
The wyvern bites you but does no damage.
Things that are here:
a +0 shortbow; 22 arrows; a scroll of teleportation You barely miss the wyvern.
The wyvern barely misses you. You furiously retaliate!
You headbutt the wyvern. You hit the wyvern.
You headbutt the wyvern, but do no damage.
The wyvern is heavily wounded.
The wyvern barely misses you.
You hit the wyvern. You headbutt the wyvern!
You kill the wyvern!
Okawaru accepts your kill.
A two-headed ogre comes into view.
It is wielding two +0 giant spiked clubs.
Items here: ! ( ) ? †.
You see here a scroll of magic mapping.
Items here: ! ( ) ? †.
Things that are here:
a +0 shortbow; 15 arrows; a centaur corpse
Things that are here:
a +0 shortbow; 28 arrows; a centaur corpse A gnoll comes into view.
It is wielding a +0 whip.
The gnoll shouts!
You hear a shout!
You hear an angry hiss.
A gnoll comes into view. It is wielding a +0 flail.
The gnoll throws a throwing net.
The throwing net hits you.
You become entangled in the net!
A gnoll comes into view. It is wielding a +0 spear.
You see here a throwing net.
You struggle against the net.
A gnoll comes into view. It is wielding a +0 spear.
You struggle against the net.
The gnoll shouts!
The two-headed ogre hits you with a +0 giant spiked club!!
* * * LOW HITPOINT WARNING * * *
The two-headed ogre hits you with a +0 giant spiked club!
* * * LOW HITPOINT WARNING * * *
You struggle against the net.
The two-headed ogre hits you with a +0 giant spiked club!!
You die...

#..###.##......#
#...)..../...#
#..###........#
###.))#......##
###....?#..#....##
###.........#####..###
##..........###.##....###
............[#............
..........@O.).....#......
...........†......#......
<##..............##.##..
#gg<...........# ## .
......g.........####
....g............#
.....##....$.....# .....
##.........# ...#
...........


You could see a two-headed ogre and 4 gnolls.

Vanquished Creatures
  A two-headed ogre (D:8)
  A centaur zombie (D:6)
  A kobold demonologist (D:9)
  Maggie (D:6)
  Grinder (Sewer)
  Sigmund (D:4)
  6 yaks (D:7)
  A wyvern (D:9)
  Grum (D:8)
  A steam dragon (D:8)
  Edmund (D:6)
  3 water moccasins
  Duvessa (D:6)
  An orc warrior (D:8)
  3 sky beasts
  A necrophage (D:7)
  2 ice beasts (D:6)
  An ogre (D:4)
  2 wolves (D:8)
  2 phantoms
  4 centaurs (D:9)
  A kobold brigand (D:6)
  Blork the orc (D:4)
  A bullfrog (D:6)
  A gnoll sergeant (D:6)
  A wyvern zombie (D:6)
  A water moccasin zombie (D:5)
  3 scorpions
  Dowan (D:6)
  A water moccasin skeleton (D:4)
  2 wights (Sewer)
  3 killer bees (D:7)
  2 howler monkeys (D:9)
  3 hounds
  4 orc priests
  A centaur skeleton (D:7)
  A gnoll shaman (D:6)
  2 jellies
  Ijyb (D:3)
  6 orc wizards
  7 iguanas
  A howler monkey zombie (D:7)
  6 gnolls
  A howler monkey skeleton (D:6)
  2 river rats (D:5)
  3 shadow imps
  9 adders
  2 ufetubi (Sewer)
  2 worms
  3 dart slugs
  15 orcs
  12 endoplasms
  5 giant cockroaches
  13 goblins
  5 hobgoblins
  28 kobolds
  2 quokkas
  10 ball pythons
  4 bats
  3 frilled lizards
  10 rats
215 creatures vanquished.

Notes
Turn   | Place    | Note
-------+----------+-------------------------------------------
     0 | D:1      | Peloso the Minotaur Fighter began the quest for the Orb.
     0 | D:1      | Reached XP level 1. HP: 19/19 MP: 0/0
   349 | D:1      | Reached XP level 2. HP: 27/27 MP: 1/1
   797 | D:1      | Reached XP level 3. HP: 33/33 MP: 2/2
  1020 | D:2      | Identified the +5 spear "Qiggank" {vorpal, rElec rN+++
                  | Dex-2 Stlth+}
  1416 | D:2      | Reached XP level 4. HP: 35/40 MP: 3/3
  2132 | D:3      | Noticed Ijyb
  2147 | D:3      | Killed Ijyb
  2148 | D:3      | Reached skill level 1 in Polearms
  2194 | D:3      | Noticed a shadow
  2197 | D:3      | Found a shadowy altar of Dithmenos.
  2199 | D:3      | Found a hazy altar of Hepliaklqana.
  2602 | D:4      | Noticed Sigmund
  2603 | D:4      | Noticed a scorpion
  2609 | D:4      | Killed a scorpion
  2610 | D:4      | Reached skill level 2 in Polearms
  2610 | D:4      | Reached skill level 1 in Dodging
  2610 | D:4      | Reached XP level 5. HP: 45/47 MP: 4/4
  2613 | D:4      | Killed Sigmund
  2614 | D:4      | Reached skill level 3 in Polearms
  2614 | D:4      | Reached skill level 5 in Armour
  2614 | D:4      | Reached XP level 6. HP: 53/55 MP: 5/5
  2764 | D:4      | Noticed Blork the orc
  2773 | D:4      | Killed Blork the orc
  2774 | D:4      | Reached skill level 4 in Polearms
  2963 | D:4      | Reached skill level 5 in Polearms
  2963 | D:4      | Reached XP level 7. HP: 48/60 MP: 6/6
  3190 | D:4      | Found a hide-covered altar of Uskayaw.
  3273 | D:4      | Reached skill level 5 in Shields
  3407 | D:4      | Reached skill level 5 in Fighting
  3604 | D:5      | Entered Level 5 of the Dungeon
  3650 | D:5      | Reached skill level 6 in Polearms
  3768 | D:5      | Found a glowing drain.
  3788 | D:5      | Reached XP level 8. HP: 59/69 MP: 7/7
  3791 | Sewer    | Entered a sewer
  4027 | Sewer    | Found an ancient bone altar of Kikubaaqudgha.
  4188 | Sewer    | Noticed Grinder
  4195 | Sewer    | Paralysed by Grinder for 3 turns
  4199 | Sewer    | Killed Grinder
  4328 | Sewer    | Reached skill level 7 in Polearms
  4891 | D:5      | Found a staircase to the Ecumenical Temple.
  4908 | Temple   | Entered the Ecumenical Temple
  5013 | Temple   | Became a worshipper of Warmaster Okawaru
  5082 | D:6      | Found a glowing golden altar of the Shining One.
  5084 | D:6      | Found a white marble altar of Elyvilon.
  5088 | D:6      | Noticed Duvessa
  5092 | D:6      | Noticed Dowan
  5101 | D:6      | Killed Duvessa
  5242 | D:6      | Reached skill level 8 in Polearms
  5242 | D:6      | Reached XP level 9. HP: 78/78 MP: 8/8
  5343 | D:6      | Reached * piety under Okawaru
  5344 | D:6      | Found a sacrificial altar of Ru.
  5496 | D:6      | Noticed Maggie
  5511 | D:6      | Killed Maggie
  5644 | D:6      | Killed Dowan
  5679 | D:6      | Reached skill level 9 in Polearms
  5740 | D:6      | Noticed Edmund
  5754 | D:6      | Killed Edmund
  5755 | D:6      | Reached skill level 1 in Stealth
  6557 | D:7      | Reached ** piety under Okawaru
  6565 | D:7      | Reached skill level 10 in Polearms
  6588 | D:7      | Reached XP level 10. HP: 31/89 MP: 6/9
  7252 | D:7      | Reached *** piety under Okawaru
  7658 | D:7      | Reached skill level 11 in Polearms
  8086 | D:8      | Noticed a two-headed ogre
  8095 | D:8      | Killed a two-headed ogre
  8095 | D:8      | Reached **** piety under Okawaru
  8096 | D:8      | Reached skill level 5 in Dodging
  8537 | D:8      | Found a basalt altar of Yredelemnul.
  8537 | D:8      | Found an ornate altar of the Wu Jian Council.
  8835 | D:8      | Noticed Grum
  8844 | D:8      | Killed Grum
  9054 | D:9      | Noticed a two-headed ogre
  9076 | D:9      | Demolished by a two-headed ogre

Illustrated notes

Levels and vault maps discovered:
D:1:      scummos_arrival_hexagon, layout_loops_ring
D:2:      minmay_wonky_spiral, layout_basic
D:3:      layout_rooms, riverfiend_overflow_shadow_ancestor, uniq_ijyb
D:4:      layout_loops_corners, kennysheep_mini, uniq_blork_the_orc,
          uniq_sigmund
D:5:      layout_cave_pools, minmay_temple_entry_nine_rooms,
          portal_sewer_entry_a
D:6:      layout_loops_cross, nicolae_ru_awakened_eye,
          chequers_temple_overflow_statue_of_worship, nrook_loot_triangle,
          uniq_maggie, uniq_edmund, uniq_duvessa
D:7:      layout_layer_cave
D:8:      layout_basic, gammafunk_temple_overflow_statue, serial_corexii_hall,
          chequers_hall_statues_corner_a, corexii_hall_statues_x, uniq_grum
D:9:      minmay_the_grid_triangle_9x9_rhombus_thin
          [minmay_the_grid_triangle_9x9_empty,
          minmay_the_grid_triangle_9x9_prize_insulated,
          minmay_the_grid_triangle_9x9_wacky_v,
          minmay_the_grid_triangle_9x9_sparse_checkered], layout_cave_pools,
          nemelex_xobeh_ov_fountains_minmay, special_room [special_room_orc]
Temple:   compressed_dpeg_triangle_lava_temple

Skill      XL: |  1  2  3  4  5  6  7  8  9 10 |
---------------+-------------------------------+-----
Shields        | 4 5 6 7 |  7.2
Fighting       | 4 5 6 8 9 |  9.8
Armour         | 4 5 6 7 9 |  9.6
Long Blades    | 3 |  3.1
Polearms       | 2 3 5 6 8 10 11 | 11.9
Dodging        | 1 2 3 4 5 |  5.1
Stealth        | 1 2 |  2.0
Unarmed Combat | |  0.1
Invocations    | |  0.3

Action                   |  1- 3 |  4- 6 |  7- 9 | 10-12 || total
-------------------------+-------+-------+-------+-------++-------
Melee: Long sword        |    50 |       |       |       ||    50
       Headbutt          |     9 |     7 |    49 |    35 ||   100
       Spear             |    26 |    75 |   309 |   182 ||   592
       Unarmed           |       |       |     3 |       ||     3
Invok: Heroism           |       |       |     2 |     1 ||     3
  Use: Scroll            |     3 |       |     9 |     2 ||    14
Armor: Scale mail        |    31 |    34 |   103 |    27 ||   195
       Skin              |       |     5 |       |       ||     5
       Chain mail        |       |       |       |    55 ||    55
Dodge: Dodged            |    35 |    35 |   115 |    73 ||   258
Block: Buckler           |    21 |    14 |    58 |    40 ||   133
